SL
TOLEDO STINGERS @ WIZARDING EXPRESS
10/02/2031
 
TOP OF THE 1ST
Toledo Stingers batting - Pitching for Wizarding Express : RHP Juan Cantú
Pitching: RHP Juan Cantú
Batting: RHB Steve Koch 0-0: Ball
1-0: SINGLE (Line Drive, 78S)
Batting: RHB Juan Cabrera 0-0: Ball
1-0: Called Strike
1-1: Ball
2-1: Fielders Choice at 2nd, 1-6 (Groundball, 13S)
Batting: RHB Alfredo Martínez 0-0: Called Strike
0-1: Ball
1-1: Called Strike
1-2: Strikes out swinging
Batting: LHB Tural Bishara 0-0: Ball
1-0: Ground out 4-3 (Groundball, 4)
Top of the 1st over - 0 runs, 1 hit, 0 errors, 1 left on base; Toledo 0 - Wizarding 0
BOTTOM OF THE 1ST
Wizarding Express batting - Pitching for Toledo Stingers : RHP Cory Sanders
Pitching: RHP Cory Sanders
Batting: RHB António Martínez 0-0: Ball
1-0: Fly out, F7 (Flyball, 78XD)
Batting: LHB Cris Gonzáles 0-0: Ball
1-0: Ground out 4-3 (Groundball, 4)
Batting: LHB José Corona 0-0: Ground out U3 (Groundball, 3)
Bottom of the 1st over - 0 runs, 0 hits, 0 errors, 0 left on base; Toledo 0 - Wizarding 0
TOP OF THE 2ND
Toledo Stingers batting - Pitching for Wizarding Express : RHP Juan Cantú
Batting: RHB Brett Callison 0-0: Called Strike
0-1: Ball
1-1: Ball
2-1: Ball
3-1: Base on Balls
Batting: LHB Ned Durand 0-0: Ball
1-0: Foul Ball, location: 2F
1-1: Foul Ball, location: 2F
1-2: Strikes out looking
Batting: RHB Armando Alvarado 0-0: Ball
1-0: Foul Ball, location: 2F
1-1: Called Strike
1-2: Ball
2-2: Strikes out swinging
Brett Callison is caught stealing 2nd base
Batter strikes out.
Top of the 2nd over - 0 runs, 0 hits, 0 errors, 0 left on base; Toledo 0 - Wizarding 0
BOTTOM OF THE 2ND
Wizarding Express batting - Pitching for Toledo Stingers : RHP Cory Sanders
Batting: LHB Nathan Tanner 0-0: Called Strike
0-1: Swinging Strike
0-2: Ball
1-2: Strikes out looking
Batting: SHB Salvador Trevino 0-0: Ball
1-0: SINGLE (Line Drive, 56D)
Batting: RHB Ralph Cranford 0-0: Ball
1-0: Ball
2-0: Called Strike
2-1: Swinging Strike
2-2: Fly out, F7 (Flyball, 78M)
Batting: RHB Paul Penrice 0-0: Called Strike
0-1: Ball
1-1: Foul Ball, location: 2F
1-2: SINGLE (Line Drive, 7LM)
Salvador Trevino to second
Batting: LHB António Boccanegra 0-0: Ball
1-0: Ground out 4-3 (Groundball, 4)
Bottom of the 2nd over - 0 runs, 2 hits, 0 errors, 2 left on base; Toledo 0 - Wizarding 0
TOP OF THE 3RD
Toledo Stingers batting - Pitching for Wizarding Express : RHP Juan Cantú
Batting: LHB Rafael Sánchez 0-0: Ball
1-0: Called Strike
1-1: Ball
2-1: Foul Ball, location: 2F
2-2: Foul Ball, location: 2F
2-2: Foul Ball, location: 2F
2-2: Fly out, F5 (Popup, 56S)
Batting: RHB Pedro Álvarez 0-0: Called Strike
0-1: Ground out 6-3 (Groundball, 6M)
Batting: RHB Steve Koch 0-0: SINGLE (Line Drive, 56D)
Batting: RHB Juan Cabrera 0-0: Ball
1-0: Called Strike
1-1: Ground out 5-3 (Groundball, 25)
Top of the 3rd over - 0 runs, 1 hit, 0 errors, 1 left on base; Toledo 0 - Wizarding 0
BOTTOM OF THE 3RD
Wizarding Express batting - Pitching for Toledo Stingers : RHP Cory Sanders
Batting: RHB Frank Grimes 0-0: Swinging Strike
0-1: Swinging Strike
0-2: Ball
1-2: Ball
2-2: Ground out 5-3 (Groundball, 56)
Batting: RHB António Martínez 0-0: Foul Ball, location: 2F
0-1: Ground out 6-3 (Groundball, 6)
Batting: LHB Cris Gonzáles 0-0: Ball
1-0: Ball
2-0: Ball
3-0: Base on Balls
Batting: LHB José Corona 0-0: Ball
Cris Gonzáles is caught stealing 2nd base
Bottom of the 3rd over - 0 runs, 0 hits, 0 errors, 0 left on base; Toledo 0 - Wizarding 0
TOP OF THE 4TH
Toledo Stingers batting - Pitching for Wizarding Express : RHP Juan Cantú
Batting: RHB Alfredo Martínez 0-0: Foul Ball, location: 2F
0-1: Ball
1-1: Ball
2-1: Foul Ball, location: 2F
2-2: Foul Ball, location: 2F
2-2: Fly out, F6 (Flyball, 6MD)
Batting: LHB Tural Bishara 0-0: Ball
1-0: Ball
2-0: Ball
3-0: Called Strike
3-1: Swinging Strike
3-2: Base on Balls
Batting: RHB Brett Callison 0-0: Ball
1-0: Called Strike
Tural Bishara is caught stealing 2nd base
1-1: Swinging Strike
1-2: Ball
2-2: Ball
3-2: SINGLE (Line Drive, 4D)
Batting: LHB Ned Durand 0-0: Ball
1-0: Ground out U3 (Groundball, 3)
Top of the 4th over - 0 runs, 1 hit, 0 errors, 1 left on base; Toledo 0 - Wizarding 0
BOTTOM OF THE 4TH
Wizarding Express batting - Pitching for Toledo Stingers : RHP Cory Sanders
Batting: LHB José Corona 0-0: Called Strike
0-1: Foul Ball, location: 2F
0-2: SINGLE (Line Drive, 7S)
Batting: LHB Nathan Tanner 0-0: Foul Ball, location: 2F
0-1: Called Strike
0-2: Ball
José Corona steals 2nd base
1-2: Foul Ball, location: 2F
1-2: Fly out, F8 (Flyball, 8LM)
Batting: SHB Salvador Trevino 0-0: Called Strike
0-1: Foul Ball, location: 2F
0-2: Hit by Pitch
Batting: RHB Ralph Cranford 0-0: Called Strike
0-1: Ball
1-1: Ball
Wild Pitch!
José Corona to third
Salvador Trevino to second
2-1: Ball
3-1: Called Strike
3-2: Foul Ball, location: 2F
3-2: Fly out, F8 (Flyball, 8LXD)
Runner from 3rd tags up, SCORES, no throw
Salvador Trevino to third
Batting: RHB Paul Penrice 0-0: Fly out, F7 (Flyball, 7)
Bottom of the 4th over - 1 run, 1 hit, 0 errors, 1 left on base; Toledo 0 - Wizarding 1
TOP OF THE 5TH
Toledo Stingers batting - Pitching for Wizarding Express : RHP Juan Cantú
Batting: RHB Armando Alvarado 0-0: Ball
1-0: Swinging Strike
1-1: Fly out, F9 (Flyball, 9)
Batting: LHB Rafael Sánchez 0-0: SINGLE (Flyball, 7LM)
Batting: RHB Pedro Álvarez 0-0: Called Strike
0-1: Ball
1-1: Called Strike
1-2: Ball
2-2: Ball
3-2: Strikes out swinging
Rafael Sánchez steals 2nd base
Batter strikes out.
Batting: RHB Steve Koch 0-0: Ball
1-0: Foul Ball, location: 2F
1-1: Ball
2-1: Ball
3-1: Foul Ball, location: 2F
3-2: Ground out 6-3 (Groundball, 6)
Top of the 5th over - 0 runs, 1 hit, 0 errors, 1 left on base; Toledo 0 - Wizarding 1
BOTTOM OF THE 5TH
Wizarding Express batting - Pitching for Toledo Stingers : RHP Cory Sanders
Batting: LHB António Boccanegra 0-0: Ball
1-0: Ground out 4-3 (Groundball, 4)
Batting: RHB Frank Grimes 0-0: Called Strike
0-1: Foul Ball, location: 2F
0-2: Strikes out swinging
Batting: RHB António Martínez 0-0: Ball
1-0: Ball
2-0: Called Strike
2-1: Ball
3-1: Base on Balls
Batting: LHB Cris Gonzáles 0-0: Ball
1-0: Called Strike
1-1: Fly out, F7 (Line Drive, 78M)
Bottom of the 5th over - 0 runs, 0 hits, 0 errors, 1 left on base; Toledo 0 - Wizarding 1
TOP OF THE 6TH
Toledo Stingers batting - Pitching for Wizarding Express : RHP Juan Cantú
Batting: RHB Juan Cabrera 0-0: Ball
1-0: Swinging Strike
1-1: Ball
2-1: Foul Ball, location: 2F
2-2: Ground out 6-3 (Groundball, 6)
Batting: RHB Alfredo Martínez 0-0: Ball
1-0: Ground out 4-3 (Groundball, 4M)
Batting: LHB Tural Bishara 0-0: Called Strike
0-1: Ball
1-1: Ball
2-1: Swinging Strike
2-2: SINGLE (Groundball, 4M) (infield hit)
Batting: RHB Brett Callison 0-0: Ball
Tural Bishara is caught stealing 2nd base
Top of the 6th over - 0 runs, 1 hit, 0 errors, 0 left on base; Toledo 0 - Wizarding 1
BOTTOM OF THE 6TH
Wizarding Express batting - Pitching for Toledo Stingers : RHP Cory Sanders
Batting: LHB José Corona 0-0: Ball
1-0: Foul Ball, location: 2F
1-1: Foul Ball, location: 2F
1-2: Foul Ball, location: 2F
1-2: Foul Ball, location: 2F
1-2: TRIPLE (Line Drive, 78XD)
Batting: LHB Nathan Tanner 0-0: Ball
1-0: SINGLE (Line Drive, 56D)
José Corona scores
Batting: SHB Salvador Trevino 0-0: Called Strike
0-1: Ball
1-1: Ball
2-1: Foul Ball, location: 2F
2-2: Foul Ball, location: 2F
2-2: Ball
3-2: Foul Ball, location: 2F
3-2: Grounds into double play, 4-6-3 (Groundball, 4)
Batting: RHB Ralph Cranford 0-0: Called Strike
0-1: DOUBLE (Line Drive, 7LD)
Batting: RHB Paul Penrice 0-0: Ball
1-0: Called Strike
1-1: Foul Ball, location: 2F
1-2: Ground out 6-3 (Groundball, 6)
Bottom of the 6th over - 1 run, 3 hits, 0 errors, 1 left on base; Toledo 0 - Wizarding 2
TOP OF THE 7TH
Toledo Stingers batting - Pitching for Wizarding Express : RHP Juan Cantú
Batting: RHB Brett Callison 0-0: Ball
1-0: Ball
2-0: Ball
3-0: Called Strike
3-1: Swinging Strike
3-2: Foul Ball, location: 2F
3-2: Base on Balls
Pitching: LHP Eijiro Takahashi
Batting: LHB Ned Durand 0-0: Foul Ball, location: 2F
0-1: Ball
1-1: Swinging Strike
1-2: Strikes out looking
Batting: RHB Armando Alvarado 0-0: Called Strike
0-1: Called Strike
0-2: Strikes out swinging
Batting: LHB Rafael Sánchez 0-0: Ball
1-0: Called Strike
1-1: Foul Ball, location: 2F
1-2: Ball
2-2: Strikes out swinging
Top of the 7th over - 0 runs, 0 hits, 0 errors, 1 left on base; Toledo 0 - Wizarding 2
BOTTOM OF THE 7TH
Wizarding Express batting - Pitching for Toledo Stingers : RHP Cory Sanders
Pitching: LHP Bill Edmonds
Batting: LHB António Boccanegra 0-0: Ball
1-0: Foul Ball, location: 2F
1-1: Ball
2-1: Foul Ball, location: 2F
2-2: Foul Ball, location: 2F
2-2: Hit by Pitch
Batting: RHB Frank Grimes 0-0: Bunted foul
0-1: Bunt - Flyout - DP at third! 2-3
Batting: RHB António Martínez 0-0: Called Strike
0-1: Called Strike
0-2: Ball
1-2: Ball
2-2: Ball
3-2: Foul Ball, location: 2F
3-2: Base on Balls
Batting: LHB Cris Gonzáles 0-0: Ball
1-0: Fielders Choice at 2nd, 5-4 (Groundball, 56)
Bottom of the 7th over - 0 runs, 0 hits, 0 errors, 1 left on base; Toledo 0 - Wizarding 2
TOP OF THE 8TH
Toledo Stingers batting - Pitching for Wizarding Express : LHP Eijiro Takahashi
Batting: RHB Pedro Álvarez 0-0: Ball
1-0: Foul Ball, location: 2F
1-1: Swinging Strike
1-2: Ball
2-2: Foul Ball, location: 2F
2-2: Foul Ball, location: 2F
2-2: Ground out 4-3 (Groundball, 4)
Batting: RHB Steve Koch 0-0: Ball
1-0: Ball
2-0: Ball
3-0: Called Strike
3-1: Base on Balls
Batting: RHB Juan Cabrera 0-0: Called Strike
0-1: Ball
1-1: Ball
2-1: Ball
3-1: Foul Ball, location: 2F
3-2: Foul Ball, location: 2F
3-2: Foul Ball, location: 2F
3-2: Base on Balls
Steve Koch to second
Pitching: RHP Marcos Oquendo
Batting: RHB Alfredo Martínez 0-0: Called Strike
0-1: Called Strike
0-2: Foul Ball, location: 2F
0-2: Ball
1-2: Foul Ball, location: 2F
1-2: 3-RUN HOME RUN (Flyball, 7D), Distance : 365 ft
Batting: LHB Tural Bishara 0-0: Ball
1-0: Swinging Strike
1-1: Swinging Strike
1-2: Strikes out swinging
Batting: RHB Brett Callison 0-0: Ball
1-0: Ground out 4-3 (Groundball, 4)
Top of the 8th over - 3 runs, 1 hit, 0 errors, 0 left on base; Toledo 3 - Wizarding 2
BOTTOM OF THE 8TH
Wizarding Express batting - Pitching for Toledo Stingers : LHP Bill Edmonds
Pitching: LHP An Jang-Yop
Now at 3B: Mike Burns
Batting: LHB José Corona 0-0: Ball
1-0: Swinging Strike
1-1: Ball
2-1: Ball
3-1: SINGLE (Flyball, 9LS)
Batting: LHB Nathan Tanner 0-0: Called Strike
0-1: Foul Ball, location: 2F
0-2: Ball
1-2: Strikes out looking
Batting: SHB Salvador Trevino 0-0: Ball
1-0: Ball
2-0: Swinging Strike
2-1: SINGLE (Groundball, 5D)
José Corona to second
Batting: RHB Ralph Cranford 0-0: Fly out, F8 (Flyball, 78D)
Batting: RHB Paul Penrice 0-0: Called Strike
0-1: Foul Ball, location: 2F
0-2: Strikes out swinging
Bottom of the 8th over - 0 runs, 2 hits, 0 errors, 2 left on base; Toledo 3 - Wizarding 2
TOP OF THE 9TH
Toledo Stingers batting - Pitching for Wizarding Express : RHP Marcos Oquendo
Pitching: LHP Dorian Daly
Batting: LHB Ned Durand 0-0: Called Strike
0-1: Foul Ball, location: 2F
0-2: Ball
1-2: Foul Ball, location: 2F
1-2: Strikes out swinging
Batting: RHB Armando Alvarado 0-0: DOUBLE (Groundball, 5L)
Batting: LHB Rafael Sánchez 0-0: Called Strike
0-1: Foul Ball, location: 2F
0-2: Strikes out swinging
Batting: RHB Pedro Álvarez 0-0: Swinging Strike
0-1: Ball
1-1: Fly out, F7 (Flyball, 7LSF)
Top of the 9th over - 0 runs, 1 hit, 0 errors, 1 left on base; Toledo 3 - Wizarding 2
BOTTOM OF THE 9TH
Wizarding Express batting - Pitching for Toledo Stingers : LHP An Jang-Yop
Now in LF: Francis Kelly
Pinch Hitting: SHB Fernando Sánchez 0-0: Foul Ball, location: 2F
0-1: Swinging Strike
0-2: Ball
1-2: Strikes out swinging
Batting: RHB Frank Grimes 0-0: Swinging Strike
0-1: Ball
1-1: Swinging Strike
1-2: Ground out 4-3 (Groundball, 4)
Batting: RHB António Martínez 0-0: Called Strike
0-1: Ball
1-1: Ball
2-1: Foul Ball, location: 2F
2-2: Ball
3-2: Ground out 6-3 (Groundball, 6)
Bottom of the 9th over - 0 runs, 0 hits, 0 errors, 0 left on base; Toledo 3 - Wizarding 2
Tuesday, June 12th, 2018 - OOTP Baseball 18.8 Build 76